 Dungeon Crawl Stone Soup version 0.31-a0-1522-g43313d8a59 (webtiles) character file.

Game seed: 11747068878951841786

9 Aldia the Sneak (level 2, 0/15 HPs)
             Began as a Vampire Enchanter on Dec 30, 2023.
             Killed from afar by a dart slug (3 damage)
             ... with a slug dart
             ... on level 1 of the Dungeon.
             The game lasted 00:00:47 (204 turns).

Aldia the Sneak (Vampire Enchanter)                  Turns: 204, Time: 00:00:47

Health: 0/15       AC:  2    Str:  7    XL:     2   Next: 3%
Magic:  5/5        EV: 12    Int: 17    God:
Gold:   24         SH:  0    Dex: 14    Spells: 5/5 levels left

rFire   . . .        a - +1 dagger
rCold   + + .        (no shield)
rNeg    + + +        b - +0 robe
rPois   ∞            (no helmet)
rElec   .            (no cloak)
rCorr   .            (no gloves)
SInv    +            (no boots)
Will    .....        (no amulet)
Stlth   +++++        (no ring)
HPRegen 0.00/turn    (no ring)
MPRegen 0.09/turn

%: no passive effects
@: bloodless, inhibited regen
A: bloodless, fangs 3, see invisible, vampiric 1
a: Revivify


You were on level 1 of the Dungeon.
You visited 1 branch of the dungeon, and saw 1 of its levels.

You collected 24 gold pieces.

Inventory:

Hand Weapons
 a - a +1 dagger (weapon)
Armour
 b - a +0 robe (worn)
Scrolls
 d - a scroll of brand weapon {unknown}
 e - a scroll of silence {unknown}
Potions
 c - 2 potions of invisibility


   Skills:
 * Level 1.6 Short Blades
 - Level 2.1 Dodging
 * Level 4.8 Stealth
 - Level 2.0 Spellcasting
 + Level 4.6 Hexes


You had 5 spell levels left.
You didn't know any spells.
Your spell library contained the following spells:

 Spells                   Type           Power      Damage    Failure   Level
 Confusing Touch          Hex            17%        N/A       9%          3
 Tukima's Dance           Hex            17%        N/A       9%          3
 Ensorcelled Hibernation  Hex/Ice        18%        N/A       12%         2
 Sting                    Conj/Alch      4%         1d3       19%         1
 Dazzling Flash           Conj/Hex       18%        N/A       22%         3
 Mercury Vapours          Alch/Air       2%         N/A       28%         2
 Olgreb's Toxic Radiance  Alch           1%         N/A       88%         4


Dungeon Overview and Level Annotations

Branches:
Dungeon (1/15)

Altars:


Innate Abilities, Weirdness & Mutations

You do not regenerate when monsters are visible.
You are frail without blood (-20% HP).
You can heal yourself when you bite living creatures.
You are immune to poison.
You have razor-sharp teeth.
You have supernaturally acute eyesight. (SInv)
You are afflicted with vampirism.


Message History

You hit the endoplasm.
You kill the endoplasm!
The jackal barks! x2; You hear a shout!
You have reached level 2!
You hit the jackal.
The jackal is lightly wounded.
The jackal bites you but does no damage.
A dart slug comes into view.
You hit the jackal.
The jackal is moderately wounded.
The jackal bites you. x2; The jackal misses you.
You barely miss the jackal.
The jackal is moderately wounded.
The jackal bites you but does no damage.
The dart slug launches a dart at you. The slug dart misses you.
The jackal barely misses you.
A goblin comes into view. It is wielding a +0 dagger.
You hit the jackal but do no damage.
The jackal is moderately wounded.
The jackal misses you. The jackal barely misses you. The jackal bites you.
The dart slug launches a dart at you. The slug dart hits you.
You hit the jackal.
The jackal is severely wounded.
The jackal barely misses you. The jackal bites you.
You are too injured to fight recklessly!
You are too injured to fight recklessly!
The jackal bites you. The jackal closely misses you.
The dart slug launches a dart at you. The slug dart misses you.
The slug dart hits the jackal.
The jackal dies!
You hit the jackal.
The jackal is moderately wounded.
The jackal closely misses you. The jackal bites you.
* * * LOW HITPOINT WARNING * * *
You hit the jackal but do no damage.
The jackal is moderately wounded.
The dart slug launches a dart at you. The slug dart hits you.
You die...

.........>..##
########....# .###
######....# .w..##
#.......#.##
......####.#####.#..###
.........# #.##...##
.........# ###.#......
.........#.###.....#..#.
.....g.@.#.........#..#.
####...h.#####....###.##
#.......#......#.#..#
#.....#.......##.##.#
########......#[..#..
###.#.##...##.
#.#.#.....#.
#.#.#.....#.
#.#.........


You could see a dart slug, a jackal and a goblin.

Vanquished Creatures
  2 ball pythons (D:1)
  2 endoplasms (D:1)
  A giant cockroach (D:1)
  A goblin (D:1)
  A rat (D:1)
7 creatures vanquished.

Vanquished Creatures (others)
  A jackal (D:1)
1 creature vanquished.

Grand Total: 8 creatures vanquished

Notes
Turn   | Place    | Note
-------+----------+-------------------------------------------
     0 | D:1      | Aldia the Vampire Enchanter began the quest for the Orb.
     0 | D:1      | Reached XP level 1. HP: 13/13 MP: 3/3
   197 | D:1      | Reached XP level 2. HP: 15/15 MP: 5/5
   204 | D:1      | Killed from afar by a dart slug

Illustrated notes

Levels and vault maps discovered:
D:1:      minmay_arrival_jagged, layout_basic, minmay_unequal

Action                     || total
---------------------------++-------
  Melee: Dagger            ||    35
         Bite              ||     2
         Punch             ||     1
Ability: Exsanguinate      ||     1
 Armour: Robe              ||    20
  Dodge: Dodged            ||    24

Table legend: (Time is in decaauts)
 A = Elapsed time spent in this place.
 B = Non-inter-level travel time spent in this place.
 C = Inter-level travel time spent in this place.
 D = Time resting spent in this place.
 E = Time spent auto-exploring this place.
 F = Levels seen in this place.
 G = Mean time per level.
                   A        B        C        D        E       F      G
               +--------+--------+--------+--------+--------+-----+--------+
         Total |    201 |    201 |      0 |      0 |    124 |   1 |  201.0 |
       Dungeon |    201 |    201 |      0 |      0 |    124 |   1 |  201.0 |
               +--------+--------+--------+--------+--------+-----+--------+

Top non-repeatable levels by time:
     D:1: 201 daAuts
